 Dungeon Crawl Stone Soup version 0.30-a0-358-g0d69a1922f (webtiles) character file.

Game seed: 10406491291029416301

88 Manisia the Sneak (level 4, -4/21 HPs)
             Began as a Spriggan Enchanter on Nov 9, 2022.
             Killed from afar by Natasha (10 damage)
             ... with a magic dart
             ... on level 3 of the Dungeon.
             The game lasted 00:04:35 (1678 turns).

Manisia the Sneak (Spriggan Enchanter)              Turns: 1678, Time: 00:04:35

Health: -4/21      AC:  2    Str:  4    XL:     4   Next: 30%
Magic:  0/10       EV: 18    Int: 16    God:
Gold:   195        SH:  0    Dex: 17    Spells: 4/9 levels left

rFire   . . .      SeeInvis +    a - +1 dagger
rCold   . . .      Faith    .    (no shield)
rNeg    . . .      Spirit   .    b - +0 robe
rPois   .          Reflect  .    (helmet restricted)
rElec   .          Harm     .    (no cloak)
rCorr   .          Rampage  .    (gloves unavailable)
Will    +....                    (boots unavailable)
Stlth   +++.......               (no amulet)
HPRegen 0.23/turn                l - ring of willpower
MPRegen 0.12/turn                (no ring)

@: very slightly contaminated, invisible, very quick
A: very small, no large weapons, unfitting armour, see invisible, speed 3
a: no special abilities


You were on level 3 of the Dungeon.
You visited 1 branch of the dungeon, and saw 3 of its levels.

You collected 195 gold pieces.

Inventory:

Hand Weapons
 a - a +1 dagger (weapon)
Missiles
 h - 4 atropa-tipped darts (quivered)
Armour
 b - a +0 robe (worn)
Jewellery
 l - a ring of willpower (left hand)
Scrolls
 d - 2 scrolls of fear
 j - a scroll of teleportation
Potions
 c - a potion of invisibility
 e - 2 potions of lignification
 g - 4 potions of mutation
 i - a potion of degeneration {unknown}
 m - a potion of might {unknown}


   Skills:
 + Level 0.6 Fighting
 + Level 2.3 Short Blades
 - Level 3.0 Dodging
 - Level 5.0 Stealth
 + Level 3.4 Spellcasting
 + Level 4.2 Hexes
 + Level 0.9 Ice Magic


You had 4 spell levels left.
You knew the following spells:

 Your Spells              Type           Power      Damage    Failure   Level
a - Ensorcelled Hibernat  Hex/Ice        22%        N/A       10%         2
b - Confusing Touch       Hex            16%        N/A       10%         3

Your spell library contained the following spells:

 Spells                   Type           Power      Damage    Failure   Level
 Tukima's Dance           Hex            16%        N/A       10%         3
 Freeze                   Ice            20%        1d4       12%         1
 Dazzling Flash           Conj/Hex       18%        N/A       22%         3
 Portal Projectile        Hex/Tloc       18%        N/A       22%         3
 Blink                    Tloc           4%         N/A       26%         2
 Momentum Strike          Conj/Tloc      4%         3d8       26%         2
 Frozen Ramparts          Ice            10%        1d2       36%         3
 Hailstorm                Conj/Ice       4%         3d4       41%         3
 Call Canine Familiar     Summ           2%         N/A       47%         3
 Lesser Beckoning         Tloc           4%         N/A       47%         3
 Leda's Liquefaction      Hex/Erth       4%         N/A       58%         4


Dungeon Overview and Level Annotations

Branches:
Dungeon (3/15)

Altars:

Annotations:
D:3 Natasha


Innate Abilities, Weirdness & Mutations

You are very small and have problems with some larger weapons.
You are too small for most types of armour.
You have supernaturally acute eyesight. (SInv)
You cover ground extremely quickly. (Speed+++)


Message History

You hit the orc.
The orc is moderately wounded.
The orc misses you.
You hit the orc but do no damage.
The orc is moderately wounded.
You closely miss the orc.
The orc is moderately wounded.
The orc priest looks encouraged for a moment.
The orc completely misses you.
You hit the orc.
The orc is severely wounded.
The orc completely misses you.
You hit the orc.
The orc is severely wounded.
The orc hits you with a +0 club.
You hit the orc.
You kill the orc!
Natasha closely misses you.
You barely miss Natasha. You closely miss Natasha. Natasha misses you.
You completely miss Natasha.
Natasha stares at you and mumbles some strange words.
You resist with almost no effort.
You hit Natasha.
Natasha is lightly wounded.
Natasha stares at you and mumbles some strange words.
The magic dart hits you!
* * * LOW HITPOINT WARNING * * *
Casting: Ensorcelled Hibernation (safe; 10% risk of failure)
Confirm with . or Enter, or press ? or * to list all spells.
Aiming: Ensorcelled Hibernation (safe; 10% risk of failure)
Press: ? - help, Shift-Dir - straight line, f - Natasha
Aim: Natasha (lightly wounded, chance to affect: 45%)
You miscast Ensorcelled Hibernation.
You are very lightly contaminated with residual magic.
Nothing appears to happen.
Natasha misses you.
Unknown command.
Natasha casts a spell at you. The magic dart hits you!
You die...

#............ +....
#............ ....
#..........(. ###
#............ ..#####
#........h....#...$........
#.....o.......##)#.########
#.....o.o.....##.#.#.# #
###'#########.##.#.#<######
#>..)oh.@................
##.########.##.#.#.######
#..........##.#.#.######
#...............†.......
##.........##.#.#.######
#.........##.#.#.######
#...........)#.#.......
#........#####.########
#........# #.#


You could see an orc priest (unable to see you) and Natasha.

Vanquished Creatures
  An orc wizard (D:3)
  2 adders
  2 orcs (D:3)
  An endoplasm (D:1)
  6 goblins
  5 hobgoblins
  3 kobolds
  5 quokkas
  7 ball pythons
  4 bats
  2 frilled lizards (D:2)
  4 rats
42 creatures vanquished.

Notes
Turn   | Place    | Note
-------+----------+-------------------------------------------
     0 | D:1      | Manisia the Spriggan Enchanter began the quest for the Orb.
     0 | D:1      | Reached XP level 1. HP: 9/9 MP: 5/5
    29 | D:1      | Found a faded altar of an unknown god.
   160 | D:1      | Reached XP level 2. HP: 13/13 MP: 6/6
   165 | D:1      | Learned a level 2 spell: Ensorcelled Hibernation
   673 | D:2      | Reached skill level 5 in Stealth
   784 | D:2      | Reached XP level 3. HP: 16/16 MP: 8/8
   788 | D:2      | Learned a level 3 spell: Confusing Touch
  1608 | D:3      | Identified the +4 whip of Valiance {holy, Str+7}
  1644 | D:3      | Noticed Natasha
  1661 | D:3      | Reached XP level 4. HP: 9/21 MP: 0/10
  1678 | D:3      | Killed from afar by Natasha

Illustrated notes

Levels and vault maps discovered:
D:1:      amcnicky_arrival_single_pillar, layout_rooms, basic_ecumenical_altar
D:2:      layout_basic, minmay_stone_trees_small, nicolae_eternal_life
D:3:      layout_basic, nicolae_wu_jian_immortal_techniques, serial_shops, shop,
          minmay_between, uniq_natasha, uniq_jessica

Skill      XL: |  1  2  3 |
---------------+----------+-----
Hexes          | 4 |  4.2
Stealth        | 5 |  5.0
Short Blades   | 2 |  2.3
Spellcasting   | 3 |  3.4
Dodging        | 3 |  3.0
Fighting       | |  0.6
Ice Magic      | |  0.9

Action                   |  1- 3 |  4- 6 || total
-------------------------+-------+-------++-------
Melee: Dagger            |    83 |    12 ||    95
 Cast: Ensorcelled Hiber |    23 |       ||    23
  Use: Scroll            |     7 |       ||     7
       Potion            |       |     2 ||     2
 Stab: Sleeping          |    27 |       ||    27
Armor: Robe              |     5 |       ||     5
Dodge: Dodged            |    66 |     8 ||    74

Table legend: (Time is in decaauts)
 A = Elapsed time spent in this place.
 B = Non-inter-level travel time spent in this place.
 C = Inter-level travel time spent in this place.
 D = Time resting spent in this place.
 E = Time spent auto-exploring this place.
 F = Levels seen in this place.
 G = Mean time per level.
                   A        B        C        D        E       F      G
               +--------+--------+--------+--------+--------+-----+--------+
         Total |   1213 |   1180 |     33 |     28 |    896 |   3 |  404.3 |
       Dungeon |   1213 |   1180 |     33 |     28 |    896 |   3 |  404.3 |
               +--------+--------+--------+--------+--------+-----+--------+

Top non-repeatable levels by time:
     D:2: 610 daAuts
     D:1: 421 daAuts
     D:3: 182 daAuts
